AoeStats
← TheQuietRiot

Arena

508540867Analyzed
1v1 RM · 9d ago on Sep 22, 2026· 47m 1s· 2 players
Game mode
Random Map
Map size
Tiny (2 player)
Population
200
Speed
Normal
Resources
Standard
Victory
Conquest
Starting age
Dark Age
Ending age
Imperial Age
RankedLock teamsTeams togetherTeam positionsShared explorationLock speedFull tech treeHidden civsTurbo modeCheats
Victory
Defeat
🇬🇧 Saxons · United Kingdom
939
+17
🇦🇷 Huns · Argentina
959
-17
TheQuietRiot
10:20 Feudal Age
10:48 Double-Bit Axe
14:54 Castle Age
13:19 Horse Collar
14:31 Loom
17:37 Bow Saw
19:13 Heavy Plow
21:26 Forging
22:15 Squires
23:15 Fletching
24:00 Iron Casting
26:15 Arson
27:28 Wheelbarrow
27:07 Scale Mail Armor
27:05 Bodkin Arrow
32:05 Clerical Recruitment
33:04 Redemption
33:03 Gold Mining
33:07 Stone Mining
33:50 Hand Cart
36:57 Imperial Age
36:19 Gold Shaft Mining
35:59 Gambesons
36:35 Chain Mail Armor
38:16 Illumination
40:06 Plate Mail Armor
39:01 Shield Wall
39:11 Capped Ram
40:02 Siege Ram
41:21 Conscription
42:01 Elite Varangian Guard
44:08 Two-Man Saw
46:28 Elite Hearth Troop
fabiancja93
10:19 Feudal Age
12:29 Loom
15:12 Castle Age
13:15 Double-Bit Axe
14:13 Horse Collar
14:32 Gold Mining
33:32 Imperial Age
31:31 Marauders
32:39 Forging
32:31 Scale Mail Armor
34:58 Scale Barding Armor
36:18 Chain Mail Armor
41:38 Iron Casting
43:47 Blast Furnace
46:56 Fletching
47:07 Padded Archer Armor
Connection lost

Rejoining the realm…

Still unreachable

The connection could not be restored.

Session expired

The server has moved on; the page needs a fresh start.